 Dungeon Crawl Stone Soup version 0.30-a0-639-g3916f1956a (webtiles) character file.

Game seed: 1040671660619727107

15795 mandoloar the Thaumaturge (level 12, -3/94 HPs)
             Began as a Djinni Conjurer on Jan 16, 2023.
             Was a Believer of Ashenzari.
             Slain by Fannar
             ... wielding a +0 quarterstaff of freezing
              (5 damage)
             ... on level 3 of the Lair of Beasts.
             The game lasted 00:57:59 (15614 turns).

mandoloar the Thaumaturge (Djinni Conjurer)        Turns: 15614, Time: 00:57:59

Health: -3/94      AC:  9    Str:  6    XL:     12   Next: 62%
Gold:   726        EV: 20    Int: 25    God:    Ashenzari [**....] SH:  0 Dex: 12

rFire   + + .      SeeInvis +    D - staff of death (curse) {Self, Fort}
rCold   x . .      Faith    .    (no shield)
rNeg    + . .      Spirit   .    C - +0 robe
rPois   ∞          Reflect  .    (no helmet)
rElec   .          Harm     .    B - +0 cloak "Shackled Together" {Self, Cun} (curse)
rCorr   .          Rampage  .    g - +0 pair of gloves "Ruined Together" {Evo, Self} (curse)
Will    +....                    (boots unavailable)
Stlth   +++                      (no amulet)
HPRegen 0.35/turn                f - +5 ring of evasion
MPRegen 0.00/turn                r - +4 ring of protection

@: flying
A: sickness immunity, fire resistance 2, cold vulnerability 1, float, innate
caster, HP casting, extra vitality 1
a: Renounce Religion, Shatter the Chains


You were on level 3 of the Lair of Beasts.
You worshipped Ashenzari.
Ashenzari was pleased with you.
You visited 3 branches of the dungeon, and saw 15 of its levels.

You collected 726 gold pieces.

Inventory:

Armour
 a - a +2 pair of gloves
 g - the cursed +0 pair of gloves "Ruined Together" (worn) {Evo, Self}
   (You found it on level 3 of the Dungeon)

   It has a curse which improves the following skills: Evocations: Evocations.
   Introspection: Fighting and Spellcasting.
 B - the cursed +0 cloak "Shackled Together" (worn) {Self, Cun}
   (You found it on level 7 of the Dungeon)

   It has a curse which improves the following skills: Introspection: Fighting
   and Spellcasting.
   Cunning:   Dodging and Stealth.
 C - a +0 robe (worn)
Magical Staves
 D - a cursed staff of death (weapon) {Self, Fort}
Jewellery
 e - a ring of resist corrosion
 f - a +5 ring of evasion (left hand)
 n - a ring of willpower
 r - a +4 ring of protection (right hand)
 E - the ring of Ciaff {rC++ Will+ Str+6 Dex+3 Stlth-}
   (You found it on level 1 of the Lair of Beasts)

   [ring of strength]

   Str:       It affects your strength (+6).
   Dex:       It affects your dexterity (+3).
   rC:        It greatly protects you from cold.
   Will:      It increases your willpower.
   Stlth:     It makes you less stealthy.
Wands
 j - a wand of polymorph (6)
 k - a wand of charming (6)
 l - a wand of flame (35)
 m - a wand of roots (25)
 o - a wand of mindburst (19)
 A - a wand of acid (10)
Scrolls
 h - a scroll of blinking
 t - 2 scrolls of fear
 w - 5 scrolls of teleportation
 x - 9 scrolls of identify
 y - 3 scrolls of magic mapping
Potions
 b - a potion of magic
 d - 5 potions of invisibility
 p - 2 potions of brilliance
 q - a potion of mutation
 s - 4 potions of curing
 u - a potion of flight
 z - 2 potions of attraction
 F - 13 potions of ambrosia


   Skills:
 + Level 9.0(11.5) Fighting
 + Level 5.4(6.6) Armour
 + Level 6.4(7.7) Dodging
 - Level 5.0(6.2) Stealth
 + Level 12.0(14.4) Spellcasting


You had 12 spell levels left.
You knew the following spells:

 Your Spells              Type           Power      Damage    Failure   Level
a - Magic Dart            Conj           100%       1d8       0%          1
b - Searing Ray           Conj           100%       2d8       0%          2
c - Dazzling Flash        Conj/Hex       100%       N/A       1%          3
d - Fulminant Prism       Conj/Hex       37%        3d17      1%          4
e - Iskenderun's Mystic   Conj/Tloc      74%        2d15      1%          4
f - Beastly Appendage     Tmut           100%       N/A       0%          1
g - Call Imp              Summ           74%        N/A       0%          2
h - Vampiric Draining     Necr           94%        2d12      1%          3
i - Ignite Poison         Fire/Tmut/Pois 74%        N/A       1%          3
j - Cause Fear            Hex            37%        N/A       1%          4
Your spell library was empty.

Dungeon Overview and Level Annotations

Branches:
Dungeon (11/15)            Temple (1/1) D:6            Lair (3/5) D:10
    Orc (0/2) D:9
  Swamp: Lair:2-3    Shoals: Lair:2-3     Snake: Lair:2-3    Spider: Lair:2-3

Altars:
Ashenzari
Cheibriados
Dithmenos
Elyvilon
Fedhas
Gozag
Hepliaklqana
Makhleb
Nemelex Xobeh
Okawaru
Qazlal
Ru
Trog
Uskayaw
Wu Jian
Xom
Yredelemnul
Zin
The Shining One

Shops:
D:5 (

Annotations:
D:9 2 runed translucent doors, TheSexyCheese's ghost, journeyman MiFi
Lair:3 Fannar


Innate Abilities, Weirdness & Mutations

You are immune to sickness and miasma.
You are immune to poison.
Your flesh is very heat resistant. (rF++)
You are vulnerable to cold. (rC-)
You float through the air rather than walking.
You learn spells naturally, not from books.
Your magical power is your life essence.
You have superior vitality. (+4 MHP)


Message History

You are slowing down.
Casting: Iskenderun's Mystic Blast (safe; 1% risk of failure)
Confirm with . or Enter, or press ? or * to list all spells.
You erupt in a blast of force!
The mystic blast hits the basilisk!
You kill the basilisk!
The mystic blast hits the komodo dragon!!
The komodo dragon is almost dead.
The komodo dragon bites you!! The komodo dragon barely misses you.
Your limbs are stiffening.
The komodo dragon bites you!!
You have turned to stone.
You stop ascending the stairs.
The komodo dragon bites you!!
* * * LOW HITPOINT WARNING * * *
The komodo dragon bites you!!
* * * LOW HITPOINT WARNING * * *
The komodo dragon bites you but does no damage. x2
Fannar hits you with a +0 quarterstaff of freezing.
* * * LOW HITPOINT WARNING * * *
Fannar freezes you.
The walls and floor vibrate strangely for a moment.
The komodo dragon bites you.
* * * LOW HITPOINT WARNING * * *
Fannar hits you but does no damage. The komodo dragon bites you.
Fannar barely misses you.
The komodo dragon bites you but does no damage.
Fannar hits you with a +0 quarterstaff of freezing.
* * * LOW HITPOINT WARNING * * *
Fannar freezes you.
You turn to flesh and can move again.
Casting: Iskenderun's Mystic Blast (safe; 1% risk of failure)
Confirm with . or Enter, or press ? or * to list all spells.
You erupt in a blast of force!
The mystic blast hits Fannar.
Fannar is lightly wounded.
The mystic blast hits the komodo dragon!
The komodo dragon is almost dead.
The komodo dragon is knocked back by the mystic blast.
* * * LOW HITPOINT WARNING * * *
Fannar misses you.
Fannar hits you with a +0 quarterstaff of freezing.
You die...

, .. , + , , ....... , ,
,...,* * *......# ,
,....*##### ....... , *
....##.#.##....... , ,
.................. P#.#.
........÷..............~
.....................~~~
....................~~≈≈
, ,
.....l.@e...........~~~≈
....................≈≈≈≈
,,
....................~≈≈≈
,
...#.###............~≈≈≈
, ###.#
##.###.......~≈≈≈ ,, #.
..# ........~≈~ . , ....
#........~ ,,. * .#....,
#......<. ######..
.#F......


You could see Fannar and a komodo dragon.

Vanquished Creatures
  A two-headed ogre (D:8)
  A black mamba (Lair:1)
  2 cane toads (Lair:2)
  Joseph (D:8)
  2 komodo dragons
  A queen bee (Lair:1)
  2 hornets
  8 blink frogs
  Sigmund (D:2)
  A wraith (D:10)
  2 basilisks
  26 yaks
  Grum (D:8)
  A steam dragon (D:8)
  An acid dragon (D:9)
  5 water moccasins
  An ice beast (D:5)
  5 orc warriors
  3 black bears
  2 ogres (D:5)
  8 wolves
  3 centaurs
  2 phantoms
  3 kobold brigands
  7 bullfrogs
  2 scorpions
  4 wights (D:9)
  39 killer bees
  4 howler monkeys (D:9)
  2 electric eels
  A jelly (D:6)
  7 orc priests
  6 hounds
  Crazy Yiuf (D:5)
  A gnoll bouda (D:5)
  3 iguanas
  Natasha (thrice) (D:2)
  9 orc wizards
  10 gnolls
  8 adders
  2 white imps
  2 ufetubi
  A worm (D:2)
  5 dart slugs
  37 orcs
  6 endoplasms
  7 giant cockroaches
  5 goblins
  3 hobgoblins
  4 jackals (D:2)
  5 quokkas
  7 ball pythons
  4 bats
  2 frilled lizards (D:1)
  23 kobolds
  7 rats
  A butterfly (Lair:1)
  A fulminant prism (Lair:1)
312 creatures vanquished.

Vanquished Creatures (collateral kills)
  An endoplasm (D:2)
1 creature vanquished.

Vanquished Creatures (others)
  A wizard (D:7)
  259 fulminant prisms
  8 fungi
  39 plants
  2 withered plants (D:3)
309 creatures vanquished.

Grand Total: 622 creatures vanquished

Notes
Turn   | Place    | Note
-------+----------+-------------------------------------------
     0 | D:1      | mandoloar the Djinni Conjurer began the quest for the Orb.
     0 | D:1      | mandoloar set off with the following spells memorised:
                  | Magic Dart, Searing Ray, Dazzling Flash, Fulminant Prism,
                  | Iskenderun's Mystic Blast.
     0 | D:1      | Reached XP level 1. HP: 15/15 MP: 0/0
    96 | D:1      | Reached XP level 2. HP: 18/21 MP: 0/0
   145 | D:1      | Found a faded altar of an unknown god.
   586 | D:1      | Reached XP level 3. HP: 16/25 MP: 0/0
   586 | D:1      | Learned a level 1 spell: Beastly Appendage
   706 | D:1      | Reached skill level 4 in Spellcasting
  1356 | D:2      | Reached XP level 4. HP: 25/31 MP: 0/0
  1719 | D:2      | Noticed Natasha
  1729 | D:2      | Killed Natasha
  1730 | D:2      | Reached XP level 5. HP: 23/35 MP: 0/0
  1730 | D:2      | Learned a level 2 spell: Call Imp
  1955 | D:2      | Noticed Natasha
  1964 | D:2      | Killed Natasha
  2004 | D:2      | Reached skill level 5 in Spellcasting
  2059 | D:2      | Noticed Sigmund
  2202 | D:2      | Noticed Natasha
  2211 | D:2      | Killed Natasha
  2513 | D:2      | Killed Sigmund
  2514 | D:2      | Reached skill level 6 in Spellcasting
  2514 | D:2      | Reached XP level 6. HP: 31/40 MP: 0/0
  2560 | D:3      | Found a basalt altar of Yredelemnul.
  2756 | D:3      | Reached XP level 7. HP: 42/45 MP: 0/0
  2756 | D:3      | Learned a level 3 spell: Vampiric Draining
  3462 | D:5      | Entered Level 5 of the Dungeon
  3493 | D:5      | Reached skill level 7 in Spellcasting
  3574 | D:5      | Reached XP level 8. HP: 40/50 MP: 0/0
  3819 | D:5      | Reached skill level 8 in Spellcasting
  4156 | D:5      | Found a hazy altar of Hepliaklqana.
  4226 | D:5      | Found Litzebea's Weapon Emporium.
  4367 | D:5      | Found a runed translucent door.
  4368 | D:5      | Noticed Crazy Yiuf
  4417 | D:5      | Killed Crazy Yiuf
  4957 | D:6      | Reached XP level 9. HP: 48/55 MP: 0/0
  4957 | D:6      | Learned a level 3 spell: Ignite Poison
  5115 | D:6      | Found a staircase to the Ecumenical Temple.
  5171 | Temple   | Entered the Ecumenical Temple
  5348 | Temple   | Became a worshipper of Ashenzari the Shackled
  5535 | D:6      | Reached skill level 9 in Spellcasting
  6211 | D:7      | Reached skill level 10 in Spellcasting
  6365 | D:7      | Reached skill level 1 in Fighting
  6783 | D:7      | Reached XP level 10. HP: 32/66 MP: 0/0
  7005 | D:7      | Found a hide-covered altar of Uskayaw.
  7068 | D:8      | Noticed Grum
  7071 | D:8      | Killed Grum
  7678 | D:7      | Found a bloodstained altar of Trog.
  7680 | D:7      | Noticed a wizard
  7684 | D:7      | Killed a wizard
  8053 | D:8      | Noticed a two-headed ogre
  8058 | D:8      | Killed a two-headed ogre
  8133 | D:8      | Reached skill level 5 in Fighting
  8146 | D:8      | Noticed Joseph
  8544 | D:8      | Killed Joseph
  8545 | D:8      | Reached skill level 5 in Stealth
  8955 | D:8      | Found an ornate altar of the Wu Jian Council.
  9050 | D:8      | Reached * piety under Ashenzari
  9291 | D:9      | Reached XP level 11. HP: 74/78 MP: 0/0
  9291 | D:9      | Learned a level 4 spell: Cause Fear
  9313 | D:9      | Reached skill level 11 in Spellcasting
  9924 | D:9      | Found a staircase to the Orcish Mines.
  9937 | D:9      | Found a large runed translucent door.
  9955 | D:9      | Found a large runed translucent door.
  9955 | D:9      | Noticed TheSexyCheese's ghost (journeyman MiFi)
 10345 | D:9      | Reached ** piety under Ashenzari
 10663 | D:10     | Entered Level 10 of the Dungeon
 10833 | D:11     | Noticed a two-headed ogre
 10860 | D:10     | Reached skill level 1 in Armour
 11281 | D:10     | Reached *** piety under Ashenzari
 11626 | D:10     | Found a staircase to the Lair.
 12151 | Lair:1   | Entered Level 1 of the Lair of Beasts
 12451 | Lair:1   | Identified the ring of Ciaff {rC++ Will+ Str+6 Dex+3
                  | Stlth-}
 12916 | Lair:1   | Reached XP level 12. HP: 81/91 MP: 0/0
 13004 | Lair:1   | Reached skill level 5 in Dodging
 14292 | Lair:2   | Reached skill level 5 in Armour
 15006 | Lair:3   | Noticed Fannar
 15015 | Lair:3   | Found the +9 staff of Olgreb {rPois∞}
 15024 | Lair:2   | Reached skill level 12 in Spellcasting
 15614 | Lair:3   | Slain by Fannar

Illustrated notes

Levels and vault maps discovered:
D:1:      minmay_arrival_solitary_statue, layout_loops_corners,
          hellmonk_ecumenical_altar_defaced_shrine
D:2:      layout_basic, grunt_ministairs_15, uniq_sigmund, uniq_natasha
D:3:      layout_basic, yredelemnul_altar_generic, serial_bayou_pond_c,
          amcnicky_mini_rare_corridor_liquid
D:4:      layout_rooms
D:5:      layout_cave_pools, mainiacjoe_overflow_alcove_4, serial_shops,
          shop_statue, uniq_crazy_yiuf_cottage
D:6:      layout_loops_ring, temple_hall
D:7:      layout_gridville, trog_wizard, mainiacjoe_overflow_small_starburst
D:8:      layout_rooms, nicolae_wu_jian_wuxing_cycle, uniq_grum, uniq_joseph
D:9:      layout_loops_cross, erik_orc_4, ebering_ghost_disaster_area
D:10:     layout_loops_ring, david_lair_shrubbed
D:11:     layout_irregular_city
Temple:   bh_familiar_temple
Lair:1:   layout_gridlike, special_room [special_room_bee],
          chequers_serial_rivers_micro_e, grunt_megastairs_1,
          lemuel_fruit_fields
Lair:2:   layout_regular_city, serial_bayou_shore_a
Lair:3:   hellmonk_ruined_rings, layout_regular_city, skrybe_swamp_entry_bodies,
          nicolae_snake_entry_squirm, portal_ice_cave_rime,
          chequers_serial_rivers_marsh, infiniplex_staircase_pool, uniq_kirke,
          uniq_fannar

Skill      XL: |  1  2  3  4  5  6  7  8  9 10 11 12 |
---------------+-------------------------------------+-----
Spellcasting   | 4 6 7 8 10 11 12 | 12.0
Fighting       | 2 5 8 9 |  9.0
Stealth        | 2 5 |  5.0
Armour         | 3 5 |  5.4
Dodging        | 4 6 |  6.4

Action                   |  1- 3 |  4- 6 |  7- 9 | 10-12 || total
-------------------------+-------+-------+-------+-------++-------
 Cast: Magic Dart        |    69 |    29 |    28 |     1 ||   127
       Searing Ray       |     3 |     7 |     6 |     4 ||    20
       Fulminant Prism   |       |    11 |    83 |   167 ||   261
       Call Imp          |       |     6 |       |       ||     6
       Iskenderun's Myst |       |       |    19 |    70 ||    89
Invok: Curse Item        |       |       |     1 |     5 ||     6
       Shatter the Chain |       |       |       |     3 ||     3
  Use: Scroll            |     6 |     4 |     4 |       ||    14
       Potion            |       |       |     1 |     3 ||     4
Armor: Robe              |     1 |     2 |     5 |    19 ||    27
Dodge: Dodged            |     5 |     5 |    21 |    61 ||    92

Table legend: (Time is in decaauts)
 A = Elapsed time spent in this place.
 B = Non-inter-level travel time spent in this place.
 C = Inter-level travel time spent in this place.
 D = Time resting spent in this place.
 E = Time spent auto-exploring this place.
 F = Levels seen in this place.
 G = Mean time per level.
                   A        B        C        D        E       F      G
               +--------+--------+--------+--------+--------+-----+--------+
         Total |  15637 |  14563 |   1074 |   5211 |   7196 |  15 | 1042.5 |
       Dungeon |  12114 |  11135 |    979 |   4079 |   5346 |  11 | 1101.3 |
        Temple |    203 |    177 |     26 |      0 |    169 |   1 |  203.0 |
          Lair |   3319 |   3252 |     67 |   1132 |   1681 |   3 | 1106.3 |
               +--------+--------+--------+--------+--------+-----+--------+

Top non-repeatable levels by time:
     D:7: 2344 daAuts
  Lair:2: 1760 daAuts
  Lair:1: 1499 daAuts
     D:6: 1491 daAuts
     D:2: 1444 daAuts
     D:9: 1312 daAuts
     D:1: 1223 daAuts
     D:8: 1155 daAuts
    D:10: 1129 daAuts
     D:5: 971 daAuts
     D:4: 816 daAuts
     D:3: 224 daAuts
  Temple: 203 daAuts
  Lair:3: 58 daAuts
    D:11: 1 daAuts
